 Dungeon Crawl Stone Soup version 0.31-a0-692-gf03d1854d5 (webtiles) character file.

Game seed: 15637994093743849460

222 qw the Shooter (level 5, -7/33 HPs)
             Began as a Gargoyle Hunter on Sept 6, 2023.
             Mangled by a vampire (11 damage)
             ... on level 6 of the Dungeon.
             The game lasted 00:01:03 (2357 turns).

qw the Shooter (Gargoyle Hunter)                    Turns: 2357, Time: 00:01:03

Health: -7/33      AC: 11    Str: 14    XL:     5   Next: 99%
Magic:  5/5        EV: 10    Int: 10    God:
Gold:   97         SH:  0    Dex: 15    Spells: 4/4 levels left

rFire   . . .        Y - +0 shortbow
rCold   . . .        (shield currently unavailable)
rNeg    + . .        g - +0 ring mail
rPois   inf          (no helmet)
rElec   +            (no cloak)
rCorr   .            b - +0 pair of gloves
SInv    .            c - +0 pair of boots
Will    .....        k - amulet of regeneration
Stlth   +            (no ring)
HPRegen 1.05/turn    (no ring)
MPRegen 0.09/turn

%: no passive effects
@: no status effects
A: sickness immunity, AC +4, negative energy resistance 1, electricity
resistance, torment resistance 1, petrification resistance
a: no special abilities


You were on level 6 of the Dungeon.
You visited 1 branch of the dungeon, and saw 6 of its levels.

You collected 188 gold pieces.
You spent 91 gold pieces at shops.


Innate Abilities, Weirdness & Mutations

You are immune to sickness and miasma.
Your stone body is resilient. (AC +4)
You are immune to poison.
You resist negative energy. (rN+)
You are resistant to electric shocks. (rElec)
You are resistant to unholy torment.
You are immune to petrification.


   Skills:
 + Level 3.6 Fighting
 - Level 6.3 Ranged Weapons
 - Level 1.0 Armour
 - Level 1.5 Dodging
 - Level 1.1 Stealth


You had 4 spell levels left.
You didn't know any spells.
Your spell library was empty.

Inventory:

Hand Weapons
 Y - a +0 shortbow (weapon)
Armour
 b - a +0 pair of gloves (worn)
 c - a +0 pair of boots (worn)
 g - a +0 ring mail (worn)
Jewellery
 k - an amulet of regeneration (around neck)
Potions
 a - 2 potions of might
 d - 3 potions of curing
 e - a potion of lignification {unknown}
 f - 2 potions of brilliance {unknown}
 i - a potion of invisibility {unknown}

Dungeon Overview and Level Annotations

Branches:
Dungeon (7/15)
 Temple: D:4-7

Altars:
Dithmenos
Sif Muna
Zin

Shops:
D:3 !


Message History

The wight hits you with a +0 battleaxe!
The sky beast flickers out of sight!
Something hits you but does no damage. x2
2350 |||
Found retreat position at -5,3 (floor) with 0 blocking monsters and 1 monsters attacking at destination at distance 5 You shoot an arrow.
The arrow barely misses the wight.
Something hits you but does no damage. Something bites you but does no damage.
Something hits you but does no damage.
2351 |||
Found retreat position at -5,3 (floor) with 0 blocking monsters and 1 monsters attacking at destination at distance 5 You shoot an arrow.
The arrow hits the wight.
The wight is lightly damaged.
Something hits you! Something bites you. Something hits you but does no damage.
You shoot an arrow.
The arrow hits the wight but does no damage.
The wight is lightly damaged.
Something hits you but does no damage. Something bites you but does no damage.
Something hits you but does no damage.
You shoot an arrow. The arrow barely misses the wight.
Something hits you but does no damage. x2
Something bites you but does no damage.
You shoot an arrow. The arrow closely misses the wight.
Something hits you but does no damage. Something bites you but does no damage.
Something hits you. Something shocks you. You resist. Something hits you.
Something shocks you. You resist. Something hits you but does no damage.
Something bites you.
You shoot an arrow.
A sky beast appears from thin air!
Reactivating autopickup.
The sky beast hits you but does no damage.
Something hits you but does no damage.
Deactivating autopickup; reactivate with Ctrl-A.
Something bites you but does no damage.
You shoot an arrow. The arrow barely misses the sky beast.
The arrow hits the wight.
The wight is lightly damaged.
Something hits you but does no damage. Something bites you.
The sky beast barely misses you.
You shoot an arrow. The arrow barely misses the sky beast.
The arrow hits the wight.
The wight is moderately damaged.
Something hits you!
You die...

#.# #.# #.#
######.#
###########......#
......zY@.#......#
......z.#).......#
...#..l{###..?..>#
#.#...# #......#
#...#.?# #......#
.......# ######.#
...#....# #.# ..#
#...# #.# .# .#..#
#.#


You could see a sky beast, an iguana and 2 wights.

Vanquished Creatures
  A gnoll sergeant (D:7)
  An orc priest (D:4)
  4 gnolls (D:7)
  3 adders
  A shadow imp (D:7)
  A worm (D:3)
  2 orcs (D:3)
  7 bats
  8 endoplasms
  2 giant cockroaches (D:1)
  3 goblins
  4 hobgoblins
  4 jackals (D:1)
  5 quokkas
  4 ball pythons
  3 frilled lizards
  3 kobolds
  2 rats (D:1)
58 creatures vanquished.

Vanquished Creatures (others)
  3 gnolls (D:6)
3 creatures vanquished.

Grand Total: 61 creatures vanquished

Notes
Turn   | Place    | Note
-------+----------+-------------------------------------------
     0 | D:1      | qw the Gargoyle Hunter began the quest for the Orb.
     0 | D:1      | Reached XP level 1. HP: 12/12 MP: 1/1
     0 | D:1      | 0 ||| qw: Version: 0.3-a-76-g4403597
     0 | D:1      | 0 ||| qw: Game counter: 189
     0 | D:1      | 0 ||| qw: Melee chars always use a shield: true
     0 | D:1      | 0 ||| qw: God list: Okawaru
     0 | D:1      | 0 ||| qw: Allow faded altars: false
     0 | D:1      | 0 ||| qw: Do Orc after clearing Dungeon:15 true
     0 | D:1      | 0 ||| qw: Do second Lair branch before Depths: true
     0 | D:1      | 0 ||| qw: Lair rune preference: random
     0 | D:1      | 0 ||| qw: Goals: Normal
     0 | D:1      | 0 ||| PLANNING D:1-11
   110 | D:1      | Reached XP level 2. HP: 17/17 MP: 2/2
   391 | D:1      | Reached XP level 3. HP: 21/21 MP: 3/3
   447 | D:1      | Found a faded altar of an unknown god.
   518 | D:1      | Reached skill level 5 in Ranged Weapons
   824 | D:1      | 824 ||| UPGRADING to +0 ring mail.
   834 | D:1      | 834 ||| DROPPING +0 leather armour.
   835 | D:1      | 835 ||| UPGRADING to amulet of regeneration.
   840 | D:1      | 840 ||| READING scroll labelled POSAVIDETS.
   841 | D:1      | 841 ||| READING scroll labelled VAELAB FYUFYLL.
   842 | D:1      | 842 ||| DRINKING 2 inky potions.
   843 | D:1      | 843 ||| DROPPING scroll of butterflies.
  1272 | D:2      | Reached skill level 1 in Armour
  1477 | D:2      | 1477 ||| UPGRADING to +0 pair of boots.
  1482 | D:2      | 1482 ||| READING scroll labelled UBUELE LOKKO.
  1485 | D:2      | 1485 ||| READING scroll labelled VYVUS HEETS.
  1486 | D:2      | 1486 ||| READING scroll labelled DICEAXU VONNAU.
  1487 | D:2      | 1487 ||| READING scroll labelled HIMUT LUPLEO.
  1624 | D:3      | Reached skill level 3 in Fighting
  1624 | D:3      | Reached XP level 4. HP: 28/28 MP: 4/4
  1896 | D:3      | Found Pupp's Distillery.
  1905 | D:3      | 1905 ||| BUYING potion of curing (39 gold).
  1905 | D:3      | Bought a potion of curing for 39 gold pieces
  1905 | D:3      | 1905 ||| BUYING potion of might (52 gold).
  1905 | D:3      | Bought a potion of might for 52 gold pieces
  1905 | D:3      | 1905 ||| SHOPLISTING potion of mutation (104 gold, have
                  | 70).
  2011 | D:3      | 2011 ||| UPGRADING to +0 pair of gloves.
  2016 | D:3      | 2016 ||| DROPPING ring of magical power.
  2017 | D:3      | 2017 ||| DRINKING 2 yellow potions.
  2025 | D:4      | 2025 ||| STAIRDANCE
  2030 | D:4      | 2030 ||| STAIRDANCE
  2056 | D:4      | Reached XP level 5. HP: 21/32 MP: 5/5
  2056 | D:4      | 2056 ||| STAIRDANCE
  2071 | D:4      | You fall into a shaft and drop 3 floors!
  2114 | D:7      | Found a shimmering blue altar of Sif Muna.
  2115 | D:7      | Found a shadowy altar of Dithmenos.
  2156 | D:7      | Found a glowing silver altar of Zin.
  2178 | D:7      | 2178 ||| Stepping ~*~*~tactically~*~*~ (retreating).
  2179 | D:7      | 2179 ||| Stepping ~*~*~tactically~*~*~ (retreating).
  2181 | D:7      | 2181 ||| Stepping ~*~*~tactically~*~*~ (retreating).
  2182 | D:7      | 2182 ||| Stepping ~*~*~tactically~*~*~ (retreating).
  2183 | D:7      | 2183 ||| Stepping ~*~*~tactically~*~*~ (retreating).
  2188 | D:7      | 2188 ||| Stepping ~*~*~tactically~*~*~ (retreating).
  2189 | D:7      | 2189 ||| Stepping ~*~*~tactically~*~*~ (retreating).
  2194 | D:7      | HP: 5/32 [gnoll sergeant/+2 trident of venom (8)]
  2195 | D:7      | 2195 ||| DRINKING potion of heal wounds.
  2201 | D:7      | HP: 6/32 [gnoll sergeant/+2 trident of venom (10)]
  2205 | D:7      | Reached skill level 6 in Ranged Weapons
  2338 | D:6      | Noticed a sky beast
  2341 | D:6      | Noticed a vampire
  2342 | D:6      | 2342 ||| RETREATING.
  2343 | D:6      | 2343 ||| DRINKING 4 potions of curing.
  2343 | D:6      | 2343 ||| (to cure confusion)
  2344 | D:6      | 2344 ||| Stepping ~*~*~tactically~*~*~ (retreating).
  2345 | D:6      | 2345 ||| Stepping ~*~*~tactically~*~*~ (retreating).
  2345 | D:6      | Noticed a sky beast
  2354 | D:6      | HP: 7/33 [something (2)]
  2356 | D:6      | HP: 3/33 [something (5)]
  2357 | D:6      | Mangled by a vampire

Levels and vault maps discovered:
D:1:      amcnicky_arrival_double_pillar, layout_basic, serial_aquarium,
          aquarium_bridge_square [aquarium_subvault_bridge,
          aquarium_subvault_wall, aquarium_subvault_wall,
          aquarium_subvault_bridge], aquarium_window_3, aquarium_window_1,
          aquarium_window_fake, aquarium_view_2d, aquarium_view_2a,
          aquarium_balcony_3a, shapermc_ecumenical_altar_mp_urbaneastern
D:2:      layout_basic, wander_ebering_terrifying_dragon_lair
D:3:      layout_loops_ring, serial_shops, nicolae_shop_crystal
D:4:      layout_rooms, minmay_close_crescents, uniq_pikel
D:6:      cheibrodos_fzero, layout_basic, nemelex_dance_club_becter,
          xom_confusion_cloud, corexii_hall_statues_x
D:7:      layout_loops_corners, nicolae_overflow_hidden_temple,
          kennysheep_generic_room_2

Skill      XL: |  1  2  3  4  5 |
---------------+----------------+-----
Ranged Weapons | 5 6 |  6.3
Armour         | 1 |  1.0
Fighting       | 3 |  3.6
Dodging        | |  1.5
Stealth        | |  1.1

Action                     |  1- 3 |  4- 6 || total
---------------------------+-------+-------++-------
   Fire: Shortbow          |   132 |    91 ||   223
    Use: Scroll            |     6 |       ||     6
         Potion            |     1 |     3 ||     4
 Armour: Leather armour    |    21 |       ||    21
         Ring mail         |    18 |    76 ||    94
  Dodge: Dodged            |    47 |    30 ||    77

Table legend:
 A = Non-vault XP
 B = Vault XP
 C = Vault XP percentage of total XP
 D = Non-vault monster count
 E = Vault monster count
 F = Vault count percentage of total count
                 A         B        C        D         E       F
            +---------+---------+-------+---------+---------+-------
      Total |     317 |       1 |   0.3 |      57 |       1 |   1.7
            +---------+---------+-------+---------+---------+-------
        D:1 |      45 |       0 |   0.0 |      26 |       0 |   0.0
        D:2 |      28 |       1 |   3.4 |      10 |       1 |   9.1
        D:3 |      54 |       0 |   0.0 |      14 |       0 |   0.0
        D:4 |      41 |       0 |   0.0 |       1 |       0 |   0.0
        D:7 |     149 |       0 |   0.0 |       6 |       0 |   0.0
            +---------+---------+-------+---------+---------+-------
